Map: Ruins of Endion

Players

Cham - Winner!

  • Race: Zerg Zerg

Jim

  • Race: Protoss Protoss

Event: DreamHack Open Tours WCS Spring Championship

VOD

Have the link to the VOD?

Description

Time

  • Played on: May 15, 2016, 10:36 a.m.
  • Length: 9:50

All games in this series

Show
View Real Time Build Order
Export as new Build Order

Cham Zerg - Winner!

Build Orders: Hatch First 

Get SALT Encoding   

  12  0:00  Drone  
  13  0:08  Drone  
  14  0:17  Overlord  
  14  0:37  Drone x3  
  17  0:55  Hatchery  
  16  0:59  Drone  
  16  1:01  Drone  
  18  1:08  Extractor  
  17  1:14  Drone  
  18  1:21  Spawning Pool  
  18  1:24  Drone  
  18  1:32  Drone  
  19  1:50  Hatchery  
  19  1:54  Drone  
  19  2:00  Drone  
  20  2:13  Queen  
  22  2:22  Queen  
  22  2:26  Drone  
  25  2:31  Overlord  
  25  2:34  Drone  
  26  2:40  Overlord  
  26  2:43  Drone  
  27  2:46  Drone  
  27  2:49  Pneumatized Carapace  
  28  2:52  Drone x2  
  28  2:54  Drone  
  28  2:58  Overlord  
  31  3:00  Drone  
  31  3:03  Drone  
  33  3:07  Drone  
  33  3:12  Queen  
  36  3:18  Zergling x2  
  36  3:19  Drone  
  39  3:20  Drone  
  39  3:23  Drone x2  
  41  3:32  Drone  
  41  3:33  Drone x2  
  41  3:34  Drone  
  45  3:37  Drone x2  
  47  3:42  Overlord  
  47  3:47  Drone x2  
  49  3:54  Spore Crawler  
  49  3:55  Lair  
  48  3:56  Drone x3  
  48  3:58  Spore Crawler  
  48  4:02  Spore Crawler, Drone  
  50  4:05  Drone x2  
  50  4:09  Drone  
  53  4:14  Drone x4  
  57  4:18  Drone  
  57  4:21  Extractor  
  57  4:22  Drone x3  
  60  4:24  Drone x2  
  60  4:27  Overlord  
  60  4:30  Drone x2  
  64  4:33  Extractor  
  64  4:35  Extractor  
  64  4:37  Evolution Chamber, Drone x2  
  64  4:38  Drone  
  64  4:39  Extractor  
  64  4:42  Extractor  
  62  4:45  Drone  
  62  4:46  Drone x3  
  62  4:49  Drone x3  
  68  4:53  Hydralisk Den  
  68  4:55  Drone x2  
  68  4:56  Drone x3  
  72  5:00  Drone  
  72  5:03  Zerg Missile Weapons Level 1, Overlord  
  72  5:06  Overlord  
  73  5:09  Metabolic Boost  
  73  5:16  Overlord x2  
  73  5:20  Overlord x2  
  73  5:27  Muscular Augments  
  73  5:29  Hydralisk x3  
  77  5:35  Hydralisk  
  77  5:36  Hydralisk  
  77  5:42  Hydralisk x2  
  82  5:45  Overlord  
  82  5:47  Hydralisk  
  82  5:49  Drone  
  85  5:52  Overlord, Hydralisk  
  85  5:53  Hydralisk  
  85  5:55  Zergling x4  
  91  5:58  Hydralisk  
  91  5:59  Zergling x4  
  91  6:01  Hydralisk  
  95  6:05  Hydralisk  
  95  6:06  Zergling x4  
  95  6:08  Hydralisk  
  101  6:12  Hydralisk  
  101  6:13  Zergling x2  
  101  6:14  Zergling x2  
  101  6:25  Hydralisk, Hatchery  
  101  6:26  Hydralisk x3  
  101  6:31  Hydralisk  
  110  6:33  Hydralisk  
  110  6:36  Zergling x8  
  110  6:38  Hydralisk  
  118  6:41  Hydralisk  
  118  6:42  Zergling x2  
  118  6:45  Hydralisk  
  123  6:49  Hydralisk  
  123  6:51  Zergling x8  
  129  6:55  Zergling x2  
  129  6:56  Overlord x2  
  129  6:59  Overlord  
  130  7:04  Zerg Missile Weapons Level 2  
  130  7:14  Hydralisk x4  
  138  7:17  Zergling x8  
  138  7:20  Hydralisk  
  138  7:21  Zergling x4  
  146  7:25  Hydralisk x2  
  146  7:26  Zergling x2  
  151  7:32  Hydralisk  
  151  7:33  Zergling x2  
  152  7:49  Hydralisk x2  
  152  7:50  Hydralisk x2, Zergling x2  
  152  7:51  Hydralisk  
  154  7:52  Zergling x6  
  154  7:55  Hydralisk x2  
  154  7:57  Zergling x2  
  141  7:59  Hydralisk  
  141  8:00  Zergling x8  
  141  8:02  Hydralisk  
  125  8:05  Zergling x2  
  125  8:08  Hydralisk  
  125  8:11  Hydralisk  
  125  8:12  Zergling x2  
  124  8:14  Zergling x2  
  124  8:20  Hydralisk x2  
  124  8:21  Zergling x2  
  124  8:25  Hydralisk  
  131  8:32  Hydralisk x2  
  133  8:36  Hydralisk x2  
  133  8:40  Hydralisk  
  133  8:41  Zergling x2  
  133  8:45  Hydralisk  
  133  8:46  Zergling x4  
  133  8:47  Zergling x4  
  133  8:48  Hydralisk  
  135  8:49  Zergling x2  
  135  8:50  Hydralisk  
  140  8:58  Hydralisk  
  142  9:03  Hydralisk x2  
  142  9:09  Hydralisk  
  133  9:10  Hydralisk, Zergling x2  
  133  9:11  Zergling x2  
  133  9:15  Hydralisk  
  141  9:17  Overlord  
  141  9:20  Hydralisk  
  141  9:21  Hydralisk  
  141  9:23  Hydralisk  
  141  9:24  Zergling x12  
Show
View Real Time Build Order
Export as new Build Order

Jim Protoss 

Build Orders: 1 Gate Expand, Oracle Opening 

Get SALT Encoding   

  12  0:00  Probe (Chrono Boost)  
  13  0:11  Probe (Chrono Boost)  
  14  0:17  Pylon  
  14  0:22  Probe (Chrono Boost)  
  15  0:36  Probe (Chrono Boost)  
  15  0:39  Gateway  
  16  0:44  Assimilator  
  16  0:46  Probe (Chrono Boost)  
  18  0:57  Probe (Chrono Boost)  
  18  1:07  Probe (Chrono Boost)  
  19  1:18  Probe (Chrono Boost)  
  20  1:22  Nexus  
  20  1:31  Cybernetics Core  
  20  1:35  Probe (Chrono Boost)  
  21  1:40  Assimilator  
  21  1:45  Probe (Chrono Boost)  
  22  1:56  Probe (Chrono Boost)  
  22  1:57  Pylon  
  23  2:13  Pylon  
  24  2:16  Stalker, Mothership Core (Chrono Boost)  
  24  2:22  Warp Gate  
  27  2:34  Probe x2 (Chrono Boost)  
  29  2:45  Probe x2 (Chrono Boost)  
  31  2:55  Probe (Chrono Boost)  
  31  2:56  Probe (Chrono Boost)  
  33  3:00  Stargate  
  33  3:06  Probe x2 (Chrono Boost)  
  35  3:16  Probe (Chrono Boost), Sentry  
  35  3:17  Probe (Chrono Boost)  
  39  3:21  Nexus  
  40  3:27  Probe x2 (Chrono Boost)  
  41  3:37  Probe x2 (Chrono Boost)  
  43  3:44  Oracle (Chrono Boost)  
  46  3:49  Probe  
  46  3:51  Gateway  
  46  3:52  Probe, Gateway  
  48  3:59  Probe  
  48  4:00  Pylon  
  49  4:03  Pylon  
  49  4:04  Probe  
  50  4:10  Probe  
  50  4:16  Phoenix (Chrono Boost)  
  53  4:19  Probe  
  53  4:20  Probe, Forge  
  55  4:27  Assimilator  
  55  4:28  Assimilator  
  55  4:31  Probe x2  
  55  4:33  Probe  
  58  4:39  Phoenix (Chrono Boost)  
  58  4:41  Probe  
  58  4:43  Probe x2  
  63  4:56  Probe x2  
  63  4:57  Robotics Facility x2  
  63  4:58  Probe  
  66  5:01  Phoenix (Chrono Boost)  
  68  5:07  Photon Cannon, Pylon  
  68  5:11  Probe  
  68  5:12  Probe  
  68  5:13  Probe  
  71  5:19  Gateway  
  71  5:21  Protoss Ground Weapons Level 1 (Chrono Boost)  
  71  5:22  Probe  
  71  5:23  Gateway  
  72  5:30  Phoenix (Chrono Boost)  
  72  5:33  Probe  
  75  5:35  Probe  
  75  5:38  Probe  
  77  5:44  Pylon  
  77  5:45  Probe, Observer (Chrono Boost)  
  77  5:46  Observer (Chrono Boost)  
  77  5:48  Probe  
  77  5:49  Probe, Assimilator  
  81  5:51  Zealot x2, Sentry  
  81  5:55  Pylon  
  88  5:59  Probe  
  88  6:00  Probe, Pylon  
  88  6:03  Probe  
  90  6:06  Photon Cannon  
  90  6:10  Immortal (Chrono Boost)  
  95  6:12  Immortal (Chrono Boost), Sentry  
  95  6:17  Assimilator  
  101  6:29  Zealot, Sentry  
  101  6:30  Zealot x2  
  109  6:34  Twilight Council  
  109  6:36  Gateway  
  109  6:39  Gateway  
  109  6:41  Immortal (Chrono Boost)  
  109  6:46  Immortal (Chrono Boost), Pylon  
  113  6:48  Pylon  
  113  6:51  Pylon  
  117  6:58  Gateway  
  117  7:00  Gateway  
  117  7:03  Gateway  
  117  7:09  Zealot x3  
  117  7:11  Zealot  
  125  7:20  Templar Archives  
  125  7:21  Charge  
  125  7:22  Pylon  
  125  7:24  Immortal  
  129  7:30  Immortal  
  133  7:39  Pylon  
  133  7:41  Zealot x2  
  133  7:44  Zealot  
  129  7:57  Zealot x3  
  100  8:05  Zealot x2  
  94  8:15  Zealot x2  
  94  8:19  Zealot x3  
  102  8:22  Mothership Core  
  102  8:24  Immortal  
  102  8:26  Zealot x2, High Templar x2  
  106  8:30  Archon  
  98  8:42  Zealot x3  
  98  8:46  Zealot  
  98  8:47  High Templar x2  
  104  8:50  Zealot  
  104  8:52  Archon  
  102  8:58  Zealot  
  102  9:02  Zealot x2  
  105  9:03  Zealot  
  105  9:04  Immortal  
  107  9:10  High Templar x2  
  107  9:12  Probe x2  
  107  9:14  Probe  
  107  9:16  Archon  
  114  9:19  High Templar  
  114  9:20  High Templar  
  118  9:25  Archon  
  118  9:28  High Templar x2  
  122  9:33  Zealot, Archon  
  122  9:36  Zealot  

Tags
 
Add a new tag
Caveats
  • Supply blocks, unpowered buildings, or Contaminate may cause inaccurate times.
  • Supply counts are checked every 10 seconds.